 Dungeon Crawl Stone Soup version 0.28-a0-245-g639a1a48b9 (webtiles) character file.

Game seed: 10918563251801949771

210535 serber55 the Warrior (level 18, -7/153 HPs)
             Began as a Demonspawn Ice Elementalist on Aug 19, 2021.
             Was a High Priest of Qazlal.
             Killed from afar by a deep elf annihilator (33 damage)
             ... with an iron shot
             ... on level 3 of the Elven Halls on Aug 24, 2021.
             The game lasted 04:09:51 (49002 turns).

serber55 the Warrior (Demonspawn Ice Elementalist) Turns: 49002, Time: 04:09:53

Health: -7/153     AC: 15    Str: 16      XL:     18   Next: 18%
Magic:  3/36       EV: 18    Int: 20 (22) God:    Qazlal [*****.]
Gold:   1639       SH: 16    Dex: 26      Spells: 12/46 levels left

rFire   + + .      SeeInvis .   M - +12 long sword of Weabieff {vorpal, rF+ Str+4 Dex+3}
rCold   x . .      Faith    .   y - +3 buckler {AC+3}
rNeg    + + +      Spirit   .   Q - +3 robe "Kigum" {Rampage rElec rN++ Str+4}
rPois   .          Reflect  .   X - +2 hat
rElec   +          Harm     .   E - +2 cloak
rCorr   +          Rampage  +   (gloves unavailable)
Will    .....      Clarity  +   (boots unavailable)
Stlth   +.........              P - amulet of magic regeneration
HPRegen 0.35/turn               l - ring of Mofaet {rF+ rC- rN+++ Will- rCorr}
MPRegen 0.50/turn               v - +6 ring of dexterity

@: protected from physical damage, repel missiles
A: claws 3, hooves 3, horns 1, demonic guardian 2, foul stench 2, clarity,
deformed body, screaming 1, MP-powered wands
}: 1/15 runes: gossamer
a: Renounce Religion, Upheaval, Elemental Force, Disaster Area


You were on level 3 of the Elven Halls.
You worshipped Qazlal.
Qazlal was extremely pleased with you.
You visited 5 branches of the dungeon, and saw 27 of its levels.
You visited the Abyss 1 time.
You also visited: Gauntlet and Ice Cave.

You collected 5076 gold pieces.
You spent 3437 gold pieces at shops.

Inventory:

Hand Weapons
 M - the +12 long sword of Weabieff (weapon) {vorpal, rF+ Str+4 Dex+3}
   (You found it on level 6 of the Lair of Beasts)

   It inflicts extra damage upon your enemies.
   Str:       It affects your strength (+4).
   Dex:       It affects your dexterity (+3).
   rF:        It protects you from fire.
Missiles
 A - 5 throwing nets (quivered)
Armour
 y - a +3 buckler of protection (worn)
 E - a +2 cloak (worn)
 L - the +8 ring mail of Xozxinio {rN+++ Will+ rCorr Dex-4}
   (You bought it in a shop on level 1 of the Elven Halls)

   Dex:       It affects your dexterity (-4).
   rN:        It renders you almost immune to negative energy.
   rCorr:     It protects you from acid and corrosion.
   Will:      It increases your willpower.
 Q - the +3 robe "Kigum" (worn) {Rampage rElec rN++ Str+4}
   (You found it on level 6 of the Lair of Beasts)

   Str:       It affects your strength (+4).
   rElec:     It insulates you from electricity.
   rN:        It greatly protects you from negative energy.
   Rampage:   It bestows one free step when moving towards enemies.
 S - a +2 robe of cold resistance
 X - a +2 hat (worn)
Jewellery
 l - the ring of Mofaet (left claw) {rF+ rC- rN+++ Will- rCorr}
   (You acquired it on level 6 of the Lair of Beasts)

   [ring of protection from fire]

   rF:        It protects you from fire.
   rC:        It makes you vulnerable to cold.
   rN:        It renders you almost immune to negative energy.
   rCorr:     It protects you from acid and corrosion.
   Will:      It decreases your willpower.
 v - a +6 ring of dexterity (right claw)
 F - a ring of flight
 P - an amulet of magic regeneration (around neck)
Wands
 h - a wand of acid (17)
 k - a wand of mindburst (21)
 t - a wand of paralysis (34)
 K - a wand of flame (63)
 N - a wand of iceblast (25)
 O - a wand of charming (21)
Scrolls
 a - a scroll of vulnerability
 b - 3 scrolls of summoning
 d - a scroll of enchant armour
 g - 7 scrolls of fear
 n - 11 scrolls of identify
 r - 3 scrolls of fog
 z - 3 scrolls of amnesia
 B - 5 scrolls of magic mapping
 D - 3 scrolls of teleportation
 I - a scroll of torment
Potions
 c - 5 potions of attraction
 e - 4 potions of curing
 i - 3 potions of ambrosia
 o - 5 potions of haste
 p - a potion of flight
 s - a potion of lignification
 x - 5 potions of cancellation
 C - 4 potions of brilliance
 G - a potion of resistance
 H - a potion of berserk rage
 R - 4 potions of heal wounds
 T - 2 potions of invisibility
 V - a potion of might
Miscellaneous
 j - a box of beasts (inert)
 w - a piece from Xom's chessboard (15/15)
 J - a lightning rod (2/4)
 Y - a phantom mirror (inert)
 Z - a phial of floods


   Skills:
 + Level 16.5 Fighting
 * Level 6.7 Armour
 - Level 7.1 Dodging
 - Level 1.7 Stealth
 - Level 5.0 Shields
 + Level 14.5 Spellcasting
 - Level 11.2 Conjurations
 - Level 3.0 Translocations
 + Level 15.8 Ice Magic
 - Level 13.2 Invocations


You had 12 spell levels left.
You knew the following spells:

 Your Spells              Type           Power      Damage    Failure   Level
a - Freeze                Ice            100%       1d11      0%          1
b - Frozen Ramparts       Ice            100%       1d12      1%          3
c - Ozocubu's Armour      Ice            67%        N/A       1%          3
d - Hailstorm             Conj/Ice       62%        3d13      1%          4
e - Ensorcelled Hibernat  Hex/Ice        92%        N/A       1%          2
f - Blink                 Tloc           N/A        N/A       1%          2
g - Metabolic Englaciati  Hex/Ice        23%        N/A       4%          5
h - Freezing Cloud        Conj/Ice/Air   25%        6-21      3%          5
i - Swiftness             Air            14%        N/A       13%         3
j - Ice Form              Ice/Tmut       46%        N/A       1%          4
k - Passwall              Tmut/Erth      11%        N/A       7%          2

Your spell library contained the following spells:

 Spells                   Type           Power      Damage    Failure   Level
 Static Discharge         Conj/Air       36%        N/A       1%          2
 Dazzling Flash           Conj/Hex       72%        N/A       1%          3
 Gell's Gravitas          Tloc           13%        N/A       3%          3
 Lesser Beckoning         Tloc           13%        N/A       3%          3
 Teleport Other           Tloc           26%        N/A       3%          3
 Sting                    Tmut/Pois      56%        1d5       4%          1
 Sticky Flame             Conj/Fire      36%        2d6       4%          4
 Poisonous Vapours        Pois/Air       28%        N/A       7%          2
 Slow                     Hex            14%        N/A       7%          2
 Sublimation of Blood     Necr           7%         N/A       7%          2
 Wereblood                Tmut           14%        N/A       7%          2
 Portal Projectile        Hex/Tloc       40%        N/A       7%          3
 Confusing Touch          Hex            14%        N/A       13%         3
 Spider Form              Tmut/Pois      7%         N/A       13%         3
 Simulacrum               Ice/Necr       23%        N/A       26%         6
 Manifold Assault         Tloc           26%        N/A       34%         5
 Dispel Undead            Necr           14%        3d10      41%         4
 Olgreb's Toxic Radiance  Pois           14%        N/A       41%         4
 Petrify                  Tmut/Erth      14%        N/A       41%         4
 Agony                    Necr           14%        N/A       77%         5
 Blade Hands              Tmut           7%         N/A       77%         5
 Excruciating Wounds      Necr           7%         N/A       77%         5
 Silence                  Hex/Air        7%         N/A       77%         5
 Yara's Violent Unravell  Hex/Tmut       7%         3d5       77%         5
 Invisibility             Hex            7%         N/A       100%        6
 Shadow Creatures         Summ           N/A        N/A       100%        6
 Statue Form              Tmut/Erth      9%         N/A       100%        6
 Storm Form               Tmut/Air       7%         N/A       100%        7
 Summon Hydra             Summ           7%         N/A       100%        7
 Polar Vortex             Ice            33%        N/A       100%        9


Dungeon Overview and Level Annotations

Branches:
Dungeon (12/15)            Temple (0/1) D:7            Lair (6/6) D:11
  Swamp (0/4) Lair:2       Spider (4/4) Lair:4        Slime (0/5) Lair:5
    Orc (2/2) D:12            Elf (3/3) Orc:2         IceCv (visited)
Gauntlet (visited)

Altars:
Nemelex Xobeh
Qazlal
Ru
Beogh

Shops:
D:5 [   Orc:2 :[([   Elf:1 *[

Annotations:
Lair:4 Jysajome's ghost, adept OgCj
Elf:2 1 runed translucent door


Innate Abilities, Weirdness & Mutations

You have claws for hands.
You have hooves in place of feet.
You have a pair of small horns on your head.
A demonic guardian rushes to your aid.
You sometimes emit foul miasma when damaged in melee.
You possess an exceptional clarity of mind.
Armour fits poorly on your strangely shaped body.
You occasionally shout uncontrollably at your foes.
You expend magic power (3 MP) to strengthen your wands.


Message History

The deep elf annihilator is moderately wounded.
The deep elf knight is asphyxiated!
The deep elf annihilator is struck by lightning.
Your water elemental barely misses the deep elf knight.
The deep elf knight shoots an arrow.
The arrow hits your water elemental!!
Unknown command.
You closely miss the deep elf annihilator.
You headbutt the deep elf annihilator.
The deep elf annihilator is severely wounded.
The deep elf knight is asphyxiated!
You block the deep elf annihilator's attack.
A deep elf death mage comes into view. It is wielding a +0 dagger.
The deep elf knight is no longer engulfed.
Your water elemental closely misses the deep elf knight.
The +2 glaive of protection hits you from afar!!
Your resistance to fire fades away.
You feel protected from physical attacks.
You hit the deep elf annihilator. You kick the deep elf annihilator!
The deep elf annihilator is almost dead.
Your water elemental disappears in a puff of smoke! x2
You block the deep elf annihilator's attack.
The +2 glaive of protection hits you from afar!
Your water elemental hits the deep elf knight!
Your water elemental engulfs the deep elf knight in water!
The deep elf knight unwields a +0 shortbow.
The deep elf knight wields a +0 long sword.
The deep elf knight barely misses your water elemental.
Your water elemental misses the deep elf knight.
The deep elf annihilator points at you and mumbles some strange words.
The crystal spear hits you!!!
* * * LOW HITPOINT WARNING * * *
A demonic guardian appears!
You block the +2 glaive of protection's attack.
Blink to where?
Press: ? - help, Dir - move target, p - deep elf annihilator
As you read the scroll of blinking, it crumbles to dust.
The +2 glaive of protection is engulfed in freezing vapours.
The deep elf annihilator gestures at you while chanting.
The iron shot hits you!!
You die...

#(.≈)...E......
#...#e§§#######
#...#...§......
#...#.3°§......
#...#°e.§......
#...#)§(#...###
#...#.°☼#...#
#...# ..# #≈@.#
..# #...# .#
#...# .# #..?#
.#...# ..+...#
.. #...#. #..
#...+


You could see a deep elf annihilator (ally target), a deep elf death mage, a +2
glaive of protection and a friendly sixfirhy (summoned).

Vanquished Creatures
  Jorgrun (D:12)
  A deep elf blademaster (Elf:2)
  2 orc warlords (Orc:2)
  3 emperor scorpions
  3 ghost moths
  3 deep elf elementalists
  The ghost of Usungog the Covert, a journeyman GnDe of Fedhas (Lair:6)
  A very ugly thing (D:9)
  3 deep elf demonologists
  Azrael (Spider:1)
  2 spark wasps (Spider:4)
  3 entropy weavers
  A dire elephant (Lair:6)
  3 deep elf annihilators
  A minotaur (Gauntlet)
  An ettin (Orc:1)
  A deep elf death mage (Elf:2)
  Josephine (D:11)
  2 deep elf high priests (Elf:3)
  Fannar (D:12)
  2 boulder beetles (Lair:2)
  3 two-headed ogres
  An ice dragon (Lair:6)
  10 hydras
  A catoblepas (Lair:3)
  16 dancing weapons
  The ghost of Strat the Basher, a novice PaAK of Lugonu (D:9)
  An orc high priest (Orc:2)
  A hell hog (Gauntlet)
  Nergalle (Lair:2)
  8 deep elf knights
  A skeletal warrior (D:12)
  2 lindwurms
  6 deep elf archers
  A phantasmal warrior (D:12)
  30 wolf spiders
  23 deep elf zephyrmancers
  20 orb spiders
  14 deep elf pyromancers
  4 ugly things (D:9)
  An orc sorcerer (Orc:2)
  A worldbinder (Abyss:2)
  A guardian serpent (Lair:6)
  20 elephants
  2 centaur zombies (D:11)
  2 moths of wrath
  8 black mambas
  A black mamba (shapeshifter) (Elf:1)
  8 torpor snails
  Psyche (D:12)
  An unseen horror (D:11)
  2 rime drakes
  15 cane toads
  10 komodo dragons
  A freezing wraith (D:12)
  8 demonic crawlers
  A yaktaur (shapeshifter) (D:9)
  3 kobold demonologists (D:12)
  An ancient zyme (Abyss:3)
  2 trolls (Orc:2)
  A meliai (shapeshifter) (D:9)
  38 jumping spiders
  A merfolk (D:10)
  3 tyrant leeches (Lair:6)
  A queen bee (shapeshifter) (D:9)
  2 polar bears
  3 meliai (Spider:4)
  A hornet (shapeshifter) (D:9)
  3 slime creatures (D:12)
  15 blink frogs
  7 raiju (Abyss:3)
  19 hornets
  5 dream sheep (Lair:6)
  A spectral black mamba (Lair:6)
  3 small abominations
  6 air elementals
  A spriggan (D:8)
  101 redbacks
  2 water elementals
  6 wyverns
  5 wraiths
  2 shadows
  43 tarantellas
  58 yaks
  7 basilisks
  3 fire elementals
  Eustachio (D:4)
  A human (D:10)
  Grum (D:9)
  2 fire bats (Gauntlet)
  A neqoxec (D:9)
  A steam dragon (Lair:3)
  4 acid dragons
  7 wargs
  A spectral cane toad (Lair:6)
  6 hell hounds
  A hydra simulacrum (Lair:6)
  32 water moccasins
  A swamp drake (D:12)
  30 orc warriors
  2 black bears (D:11)
  3 ice beasts
  2 sky beasts
  14 ogres
  4 wolves (D:9)
  A necrophage (D:5)
  7 centaurs
  A black mamba simulacrum (Lair:6)
  A kobold brigand (D:12)
  2 phantoms
  15 bullfrogs
  5 scorpions
  An earth elemental (Elf:1)
  A wyvern zombie (D:7)
  3 killer bees (D:10)
  7 electric eels
  10 wights
  3 howler monkeys
  A crimson imp (D:10)
  14 orc priests
  3 hounds
  2 gnoll shamans
  A jelly (D:8)
  2 bullfrog skeletons
  2 centaur skeletons (D:6)
  Natasha (twice) (D:2)
  Terence (D:2)
  3 iguanas
  36 orc wizards
  A hound skeleton (D:4)
  7 gnolls
  A howler monkey skeleton (D:4)
  A howler monkey zombie (D:5)
  12 adders
  A shadow imp (D:5)
  4 white imps
  2 ufetubi
  A dart slug (D:2)
  89 orcs
  3 bats
  2 endoplasms
  2 giant cockroaches
  7 goblins
  5 hobgoblins
  6 jackals (D:2)
  5 kobolds
  8 ball pythons
  4 frilled lizards
  5 rats
  A butterfly (Lair:1)
  A lurking horror (Abyss:2)
1013 creatures vanquished.

Vanquished Creatures (collateral kills)
  A ghost moth (Spider:4)
  A deep elf sorcerer (Elf:3)
  2 spark wasps (Spider:4)
  An entropy weaver (Spider:3)
  A crystal guardian (Elf:3)
  A death knight (D:12)
  Erica (Lair:2)
  9 dancing weapons
  A spectral hydra (Lair:6)
  An ugly thing (IceCv)
  3 wolf spiders
  A moth of wrath (Spider:2)
  A cane toad (Lair:4)
  A demonic crawler (Spider:2)
  A jumping spider (Spider:2)
  A tyrant leech (Lair:6)
  A troll (Orc:1)
  A raiju (Abyss:3)
  5 redbacks
  2 tarantellas (Spider:3)
  2 death yak simulacra (IceCv)
  A warg (Orc:2)
  A hell hound (Spider:1)
  An orc warrior (Orc:1)
  A killer bee (D:10)
  A wight (D:6)
  An electric eel (D:9)
  A jelly (D:7)
  A komodo dragon simulacrum (Lair:6)
  An orc priest (Orc:1)
  A centaur skeleton (D:6)
  An orc wizard (Orc:1)
  A wolf simulacrum (IceCv)
  A gnoll (D:8)
  2 orcs (Orc:1)
53 creatures vanquished.

Vanquished Creatures (others)
  A redback (Spider:3)
  85 fungi
  107 plants
193 creatures vanquished.

Grand Total: 1259 creatures vanquished

Notes
Turn   | Place    | Note
-------+----------+-------------------------------------------
     0 | D:1      | serber55 the Demonspawn Ice Elementalist began the quest
                  | for the Orb.
     0 | D:1      | Reached XP level 1. HP: 13/13 MP: 3/3
    15 | D:1      | Found a faded altar of an unknown god.
    57 | D:1      | Became a worshipper of Qazlal Stormbringer
    57 | D:1      | Reached * piety under Qazlal
   387 | D:1      | Gained mutation: You have sharp fingernails. [demonic
                  | ancestry]
   387 | D:1      | Reached XP level 2. HP: 19/19 MP: 1/5
   936 | D:2      | Reached skill level 1 in Invocations
  1117 | D:2      | Gained mutation: You have large cloven feet. [demonic
                  | ancestry]
  1117 | D:2      | Reached XP level 3. HP: 24/24 MP: 3/6
  1270 | D:2      | Learned a level 3 spell: Frozen Ramparts
  1598 | D:2      | Noticed Terence
  1607 | D:2      | Killed Terence
  1608 | D:2      | Gained mutation: You have a pair of small horns on your
                  | head. [demonic ancestry]
  1608 | D:2      | Reached XP level 4. HP: 30/30 MP: 3/7
  1844 | D:2      | Reached ** piety under Qazlal
  1928 | D:2      | Noticed Natasha
  1934 | D:2      | Learned a level 3 spell: Ozocubu's Armour
  1944 | D:2      | Killed Natasha
  2090 | D:2      | Noticed Natasha
  2100 | D:2      | Killed Natasha
  2101 | D:2      | Gained mutation: You may rarely emit foul miasma when
                  | damaged in melee. [demonic ancestry]
  2101 | D:2      | Reached XP level 5. HP: 31/35 MP: 5/9
  2420 | D:3      | Reached skill level 5 in Ice Magic
  2967 | D:4      | Noticed an ogre
  2970 | D:4      | Noticed Eustachio
  3003 | D:4      | Killed an ogre
  3004 | D:4      | Gained mutation: You have very sharp fingernails. [demonic
                  | ancestry]
  3004 | D:4      | Reached XP level 6. HP: 41/41 MP: 0/11
  3038 | D:4      | Killed Eustachio
  3099 | D:4      | Learned a level 4 spell: Hailstorm
  3114 | D:4      | Reached XP level 7. HP: 28/46 MP: 8/12
  3654 | D:4      | Reached skill level 5 in Invocations
  3991 | D:4      | Reached skill level 1 in Fighting
  4399 | D:5      | Entered Level 5 of the Dungeon
  4426 | D:5      | Found Alydu's Armour Emporium.
  4430 | D:5      | Bought a +0 pair of boots for 49 gold pieces
  4536 | D:5      | Gained mutation: A weak demonic guardian rushes to your
                  | aid. [demonic ancestry]
  4536 | D:5      | Reached XP level 8. HP: 54/54 MP: 12/14
  4605 | D:5      | Reached skill level 2 in Fighting
  4893 | D:5      | Reached skill level 5 in Spellcasting
  4925 | D:5      | Learned a level 2 spell: Ensorcelled Hibernation
  5594 | D:5      | Reached skill level 3 in Fighting
  6190 | D:6      | Reached XP level 9. HP: 57/65 MP: 17/17
  6424 | D:6      | Reached skill level 4 in Fighting
  7289 | D:7      | Reached *** piety under Qazlal
  7651 | D:7      | Found a staircase to the Ecumenical Temple.
  8526 | D:7      | Reached skill level 5 in Fighting
  8526 | D:7      | Reached skill level 1 in Conjurations
  9096 | D:8      | Learned a level 2 spell: Blink
  9238 | D:8      | Reached skill level 1 in Translocations
  9656 | D:9      | Gained mutation: You have hoof-like feet. [demonic
                  | ancestry]
  9656 | D:9      | Reached XP level 10. HP: 69/75 MP: 1/20
 10107 | D:9      | Reached skill level 6 in Fighting
 11378 | D:9      | Reached skill level 7 in Fighting
 11378 | D:9      | Reached skill level 10 in Ice Magic
 11521 | D:9      | Noticed Grum
 11526 | D:9      | Killed Grum
 11925 | D:9      | Found a runed translucent gate.
 11926 | D:9      | Found a runed translucent gate.
 11927 | D:9      | Found a runed translucent gate.
 11927 | D:9      | Noticed a white ugly thing
 11928 | D:9      | Noticed a cyan ugly thing
 11929 | D:9      | Noticed a green ugly thing
 11929 | D:9      | Noticed a white ugly thing
 11929 | D:9      | Noticed a cyan very ugly thing
 12543 | D:9      | Killed a cyan ugly thing
 12544 | D:9      | Reached skill level 8 in Fighting
 12544 | D:9      | Killed a cyan ugly thing
 12549 | D:9      | Killed a purple very ugly thing
 12550 | D:9      | Reached skill level 5 in Conjurations
 12550 | D:9      | Gained mutation: You have claws for hands. [demonic
                  | ancestry]
 12550 | D:9      | Reached XP level 11. HP: 61/87 MP: 2/23
 12551 | D:9      | Killed a cyan ugly thing
 12747 | D:9      | Killed a brown ugly thing
 12748 | D:9      | Reached skill level 9 in Fighting
 12788 | D:9      | Found a runed translucent gate.
 12788 | D:9      | Found a runed translucent gate.
 12790 | D:9      | Noticed an orb spider
 12791 | D:9      | Noticed Strat's ghost (novice PaAK)
 12793 | D:9      | Found a runed translucent gate.
 12894 | D:9      | Killed Strat's ghost
 13160 | D:9      | Gained mutation: Your magical capacity is low. (-10% MP)
                  | [potion of mutation]
 13160 | D:9      | Gained mutation: You possess an exceptional clarity of
                  | mind. [potion of mutation]
 13161 | D:9      | Lost mutation: Your magical capacity is low. (-10% MP)
                  | [potion of mutation]
 13161 | D:9      | Gained mutation: Your body sometimes deteriorates upon
                  | taking damage. [potion of mutation]
 13161 | D:9      | Gained mutation: Your spells are a little easier to cast,
                  | but a little less powerful. [potion of mutation]
 13161 | D:9      | Gained mutation: Armour fits poorly on your strangely
                  | shaped body. [potion of mutation]
 13236 | D:10     | Entered Level 10 of the Dungeon
 13717 | D:10     | Noticed a two-headed ogre
 13728 | D:10     | Killed a two-headed ogre
 14038 | D:10     | Found a sacrificial altar of Ru.
 14043 | D:10     | Reached **** piety under Qazlal
 14644 | D:10     | Reached skill level 10 in Fighting
 15912 | D:11     | Noticed Josephine
 15926 | D:11     | Killed Josephine
 15927 | D:11     | Reached XP level 12. HP: 48/99 MP: 2/25
 16097 | D:11     | Noticed a two-headed ogre
 16103 | D:11     | Killed a two-headed ogre
 16169 | D:11     | Found a staircase to the Lair.
 16281 | D:11     | Noticed a two-headed ogre
 16290 | D:11     | Killed a two-headed ogre
 16410 | D:11     | Found a sparkling altar of Nemelex Xobeh.
 16875 | Lair:1   | Entered Level 1 of the Lair of Beasts
 16875 | Lair:1   | Noticed an eight-headed hydra
 16882 | Lair:1   | Killed an eight-headed hydra
 16883 | Lair:1   | Reached skill level 11 in Fighting
 16891 | Lair:1   | Found a frozen archway.
 16927 | IceCv    | Entered an ice cave
 17097 | IceCv    | Found a transporter.
 17110 | IceCv    | Found a transporter.
 17193 | Lair:1   | Noticed a four-headed hydra
 17200 | Lair:1   | Killed a four-headed hydra
 18835 | Lair:2   | Noticed Nergalle
 18842 | Lair:2   | Killed Nergalle
 18848 | Lair:2   | Reached skill level 12 in Fighting
 19311 | Lair:2   | Reached ***** piety under Qazlal
 19326 | Lair:2   | Reached skill level 10 in Invocations
 19607 | Lair:2   | Gained mutation: You have hooves in place of feet. [demonic
                  | ancestry]
 19607 | Lair:2   | Reached XP level 13. HP: 108/108 MP: 20/26
 19721 | Lair:2   | Noticed Erica
 19738 | Lair:2   | Killed Erica
 20068 | Lair:2   | Reached skill level 10 in Spellcasting
 20176 | Lair:2   | Found a staircase to the Swamp.
 21858 | Lair:3   | Reached skill level 13 in Fighting
 24292 | Lair:4   | Gained mutation: A demonic guardian rushes to your aid.
                  | [demonic ancestry]
 24292 | Lair:4   | Reached XP level 14. HP: 94/119 MP: 1/28
 24295 | Lair:4   | Reached skill level 5 in Dodging
 24605 | Lair:4   | Upgraded the game from 0.28-a0-199-g298df9dbad to
                  | 0.28-a0-206-gc2c9e32840
 24888 | Lair:4   | Found a hole to the Spider Nest.
 24953 | Lair:4   | Found a runed translucent gate.
 24954 | Lair:4   | Found a runed translucent gate.
 24954 | Lair:4   | Found a runed translucent gate.
 24955 | Lair:4   | Noticed Jysajome's ghost (adept OgCj)
 26163 | Lair:5   | Reached skill level 10 in Conjurations
 26360 | Lair:5   | Found a staircase to the Slime Pits.
 27028 | Lair:6   | Entered Level 6 of the Lair of Beasts
 27090 | Lair:6   | Found a runed translucent gate.
 27090 | Lair:6   | Found a runed translucent gate.
 27090 | Lair:6   | Found a runed translucent gate.
 27090 | Lair:6   | Noticed Usungog's ghost (journeyman GnDe)
 27106 | Lair:6   | Reached skill level 14 in Fighting
 27113 | Lair:6   | Killed Usungog's ghost
 27460 | Lair:6   | Identified a scroll of acquirement
 27461 | Lair:6   | Acquired the ring of Mofaet {rF+ rC- rN+++ Will- rCorr}
 28041 | Lair:6   | Found a runed translucent door.
 28079 | Lair:6   | Paralysed by a hornet for 1 turns
 28525 | Lair:6   | Learned a level 5 spell: Metabolic Englaciation
 28813 | Lair:6   | Identified the +12 long sword of Weabieff {vorpal, rF+
                  | Str+4 Dex+3}
 29567 | Lair:6   | Identified the +3 robe "Kigum" {Rampage rElec rN++ Str+4}
 30689 | D:12     | Noticed Psyche
 30721 | D:12     | Killed Psyche
 30773 | D:12     | Noticed Fannar
 30780 | D:12     | Killed Fannar
 30793 | D:12     | Noticed Jorgrun
 30819 | D:12     | Killed Jorgrun
 30820 | D:12     | Gained mutation: You sometimes emit foul miasma when
                  | damaged in melee. [demonic ancestry]
 30820 | D:12     | Reached XP level 15. HP: 118/127 MP: 12/30
 31172 | D:12     | Identified the +0 robe "Tuytz" {Str+3}
 31227 | D:12     | Reached skill level 1 in Shields
 31818 | D:12     | Found a staircase to the Orcish Mines.
 32026 | Orc:1    | Entered Level 1 of the Orcish Mines
 32140 | Orc:2    | Entered Level 2 of the Orcish Mines
 32140 | Orc:2    | Found a staircase to the Elven Halls.
 32140 | Orc:2    | Found a gate leading to a gauntlet.
 32153 | Gauntlet | Entered a Gauntlet
 32153 | Gauntlet | Found a transporter.
 32173 | Gauntlet | Found a runed translucent door.
 32175 | Gauntlet | Found a transporter.
 32178 | Gauntlet | Found a transporter.
 32179 | Gauntlet | Found a transporter.
 32182 | Gauntlet | Found a transporter.
 32183 | Gauntlet | Found a transporter.
 32191 | Gauntlet | Found a transporter.
 32194 | Gauntlet | Found a transporter.
 32216 | Gauntlet | Found a transporter.
 32230 | Gauntlet | Found a transporter.
 32234 | Gauntlet | Found a transporter.
 32242 | Gauntlet | Found a transporter.
 32291 | Gauntlet | Found a runed translucent door.
 32588 | Gauntlet | Identified the +0 pair of boots of True Grit {Str+3}
 32796 | Orc:2    | Found Vaergh's Book Shoppe.
 32873 | Orc:2    | Noticed an orc warlord
 33447 | Orc:1    | You fall into a shaft and drop 1 floor!
 33485 | Orc:2    | Killed an orc warlord
 33496 | Orc:2    | Bought a book of Ice for 828 gold pieces
 33502 | Orc:2    | Learned a level 5 spell: Freezing Cloud
 34000 | Orc:2    | Noticed an orc warlord
 34011 | Orc:2    | Killed an orc warlord
 34335 | Orc:2    | Found Wukay's Armour Shop.
 34638 | Orc:2    | Found Leas's Antique Weapon Shoppe.
 34641 | Orc:2    | Found Derott's Antique Armour Emporium.
 34653 | Orc:2    | Bought a runed buckler for 232 gold pieces
 34996 | Spider:1 | Entered Level 1 of the Spider Nest
 35289 | Spider:1 | Reached skill level 5 in Shields
 35419 | Spider:1 | Noticed Azrael
 35422 | Spider:1 | Killed Azrael
 35722 | Spider:1 | Acquired 924 gold pieces
 35966 | Spider:1 | Learned a level 3 spell: Swiftness
 35971 | Spider:1 | Learned a level 4 spell: Ice Form
 37653 | Spider:2 | Identified the ring of the Cockroach {rF+ rCorr}
 37685 | Spider:3 | Reached XP level 16. HP: 134/134 MP: 24/32
 38253 | Spider:3 | Upgraded the game from 0.28-a0-206-gc2c9e32840 to
                  | 0.28-a0-245-g639a1a48b9
 38310 | Spider:3 | Reached skill level 15 in Fighting
 39993 | Spider:3 | Lost mutation: Your body sometimes deteriorates upon taking
                  | damage. [potion of mutation]
 39993 | Spider:3 | Gained mutation: You occasionally shout uncontrollably at
                  | your foes. [potion of mutation]
 39993 | Spider:3 | Gained mutation: You expend magic power (3 MP) to
                  | strengthen your wands. [potion of mutation]
 39993 | Spider:3 | Lost mutation: Your spells are a little easier to cast, but
                  | a little less powerful. [potion of mutation]
 40135 | Spider:3 | Acquired the ring of Yhaghoge {rCorr Int+6 Dex-4 Stlth+}
 40381 | Spider:4 | Entered Level 4 of the Spider Nest
 40938 | Spider:4 | Reached ****** piety under Qazlal
 41611 | Spider:4 | Reached XP level 17. HP: 141/143 MP: 0/34
 41618 | Spider:4 | Reached skill level 15 in Ice Magic
 41942 | Spider:4 | Got a gossamer rune of Zot
 42452 | Elf:1    | Entered Level 1 of the Elven Halls
 42463 | Elf:1    | Paralysed by an air elemental for 1 turns
 42726 | Elf:1    | Paralysed by an air elemental for 1 turns
 42850 | Elf:1    | Learned a level 2 spell: Passwall
 43125 | Elf:1    | Found Riramp's Armour Shop.
 43133 | Elf:1    | Bought the +8 ring mail of Xozxinio {rN+++ Will+ rCorr
                  | Dex-4} for 1421 gold pieces
 43286 | Elf:1    | Reached skill level 16 in Fighting
 43288 | Elf:1    | Reached skill level 1 in Armour
 43382 | Elf:1    | Paralysed by an air elemental for 1 turns
 43535 | Elf:1    | Found Duf Arex's General Store.
 43538 | Elf:1    | Bought a scroll of magic mapping for 52 gold pieces
 43538 | Elf:1    | Bought a scroll of acquirement for 780 gold pieces
 43538 | Elf:1    | Bought a potion of heal wounds for 75 gold pieces
 43538 | Elf:1    | Acquired 847 gold pieces
 44330 | Elf:1    | Paralysed by an air elemental for 1 turns
 44333 | Elf:1    | Paralysed by an air elemental for 1 turns
 45078 | Elf:2    | Found a runed translucent door.
 45124 | Elf:2    | Found a runed translucent door.
 45516 | Elf:2    | Paralysed by an air elemental for 1 turns
 46839 | Elf:2    | Reached skill level 5 in Armour
 47386 | Elf:2    | Noticed a deep elf blademaster
 47397 | Elf:2    | Killed a deep elf blademaster
 47412 | Elf:2    | HP: 1/145 [something/shard of ice (16)]
 47979 | Elf:3    | Entered Level 3 of the Elven Halls
 48299 | Elf:2    | Reached XP level 18. HP: 90/153 MP: 32/36
 48712 | Elf:3    | Cast into level 2 of the Abyss (a deep elf demonologist)
 48740 | Abyss:2  | Found a corrupted altar of Lugonu.
 48855 | Abyss:3  | Noticed a lich
 48869 | Elf:3    | Escaped the Abyss
 49002 | Elf:3    | Killed from afar by a deep elf annihilator

Illustrated notes

Levels and vault maps discovered:
D:1:      shiori_arrival_oz, layout_basic, ebering_ecumenical_altar_sacrificial,
          hangedman_decor_push
D:2:      layout_loops_ring, uniq_natasha, uniq_terence
D:3:      layout_basic, nrook_campfire, serial_bayou_pond_d
D:4:      layout_basic, hangedman_decor_riveting, uniq_eustachio
D:5:      layout_loops_cross, serial_shops,
          nicolae_shop_temple_entry_statues_fountains,
          chequers_serial_rivers_marsh
D:6:      layout_loops_ring
D:7:      layout_basic, temple_fountains
D:8:      layout_loops_ring, the_hattery
D:9:      layout_basic, ploomutoo_gammafunk_ghost_potion_laboratory, uniq_grum
D:10:     layout_long_grid, nicolae_ru_great_annihilating_truth,
          hangedman_stone_soup
D:11:     layout_roguey, due_lair_maze_entry_diamond,
          nemelex_diamond_rough_becter, uniq_josephine
D:12:     layout_rooms, erik_orc_1, nooodl_orcs_dogs, uniq_psyche, uniq_jorgrun,
          uniq_fannar
Lair:1:   layout_roguey, portal_ice_cave_entry_pillars_1, minmay_holes,
          lemuel_fruit_fields
Lair:2:   layout_cellular_growth, minmay_swamp_entry_reptiles,
          serial_bayou_shore_a, uniq_erica, uniq_nergalle
Lair:3:   nzn_winding_woodlands_large [nzn_winding_woodlands_5x5_three,
          nzn_winding_woodlands_5x15_pool, nzn_winding_woodlands_hourglass,
          nzn_winding_woodlands_center_diamonds,
          nzn_winding_woodlands_15x15_killbox,
          nzn_winding_woodlands_center_garden,
          nzn_winding_woodlands_5x5_closed_star,
          nzn_winding_woodlands_5x15_garden,
          nzn_winding_woodlands_5x5_perimeter], layout_chaotic_city
Lair:4:   layout_misc_corridors, dummy_spider_entry, gammafunk_ghost_split,
          serial_bayou_crossing
Lair:5:   wander_river, layout_misc_corridors, slime_dummy,
          serial_bayou_shore_b, serial_bayou_shore_b
Lair:6:   wormcave, layout_regular_city, hangedman_lair_tendril_chambers,
          gammafunk_ghost_necromancy
Spider:1: nicolae_spider_hilbert_zone_4 [nicolae_spider_hilbert_4_sides_2_open,
          nicolae_spider_hilbert_4_sides_1_open,
          nicolae_spider_hilbert_4_sides_1_open,
          nicolae_spider_hilbert_4_sides_1_open,
          nicolae_spider_hilbert_4_sides_1_open,
          nicolae_spider_hilbert_2_sides_1_open,
          nicolae_spider_hilbert_2_sides_1_open,
          nicolae_spider_hilbert_2_sides_1_open,
          nicolae_spider_hilbert_2_sides_1_open,
          nicolae_spider_hilbert_6_sides_1_open,
          nicolae_spider_hilbert_6_sides_1_open,
          nicolae_spider_hilbert_3_sides_1_open,
          nicolae_spider_hilbert_3_sides_1_open], guppyfry_spider_mini_2,
          uniq_azrael
Spider:2: layout_spider_delve
Spider:3: mumra_spider_spiderweb
Spider:4: grunt_spider_rune_parallel
Orc:1:    layout_diamond_mine
Orc:2:    grunt_orc_community_town_hall, layout_caves,
          grunt_orc_community_big_house_1, grunt_orc_community_big_house_1,
          grunt_orc_community_house_1, grunt_orc_community_house_3,
          grunt_orc_community_house_3, grunt_orc_community_house_1, basic_altar,
          gauntlet_entry_generic, nicolae_volcano_entry_vermiform, serial_shops,
          bzr_entry_lakeside
Elf:1:    nicolae_elf_arrival_aired_out, layout_onion_city, serial_shops,
          nicolae_shop_crystal, nicolae_shop_behind_doors,
          hangedman_corner_corridor, due_unseen_surprise
Elf:2:    elven_hall_of_blades_hangedman_original
          [nicolae_blade_entry_splitting_headache], layout_geoelf_diagonals,
          roderic_roman_lattice
Elf:3:    minmay_elf_hall_golems, layout_onion_city,
          gammafunk_ghost_berserking_beasts, drop_trap

Skill      XL: |  1  2  3  4  5  6  7  8  9 10 11 12 13 14 15 16 17 18 |
---------------+-------------------------------------------------------+-----
Ice Magic      | 4 5 6 7 8 9 10 11 12 13 14 15 | 15.8
Invocations    | 1 2 3 4 5 8 10 12 13 | 13.2
Spellcasting   | 3 4 5 6 8 9 10 11 12 13 14 | 14.5
Fighting       | 1 3 5 8 10 12 13 14 15 16 | 16.5
Conjurations   | 2 5 6 8 9 10 11 | 11.2
Translocations | 1 3 |  3.0
Dodging        | 4 6 7 |  7.1
Shields        | 5 |  5.0
Armour         | 5 6 |  6.7
Stealth        | |  1.7

Action                   |  1- 3 |  4- 6 |  7- 9 | 10-12 | 13-15 | 16-18 || total
-------------------------+-------+-------+-------+-------+-------+-------++-------
Melee: Dagger            |    39 |    63 |   134 |       |       |       ||   236
       Kick              |     5 |     7 |     8 |       |   186 |   174 ||   380
       Headbutt          |       |     3 |    46 |    50 |   116 |    96 ||   311
       Spear             |       |       |   135 |   231 |   260 |       ||   626
       Long sword        |       |       |       |       |   183 |   332 ||   515
       Unarmed           |       |       |       |       |       |     9 ||     9
Throw: Dart              |       |     1 |     1 |       |     4 |       ||     6
 Cast: Freeze            |    36 |    15 |    53 |    72 |   120 |       ||   296
       Frozen Ramparts   |     2 |     7 |    29 |    53 |   128 |    42 ||   261
       Ozocubu's Armour  |       |     3 |    25 |    29 |    81 |    39 ||   177
       Ensorcelled Hiber |       |       |     3 |     2 |     4 |       ||     9
       Hailstorm         |       |       |     5 |    70 |   164 |    19 ||   258
       Blink             |       |       |       |       |     7 |    16 ||    23
       Freezing Cloud    |       |       |       |       |    65 |   195 ||   260
       Metabolic Englaci |       |       |       |       |     2 |     4 ||     6
       Swiftness         |       |       |       |       |       |     2 ||     2
       Passwall          |       |       |       |       |       |     2 ||     2
       Ice Form          |       |       |       |       |       |     1 ||     1
Invok: Upheaval          |       |       |     4 |     5 |     7 |       ||    16
       Elemental Force   |       |       |       |     1 |     7 |     9 ||    17
       Disaster Area     |       |       |       |       |     2 |     2 ||     4
Evoke: Wand              |       |     1 |    14 |    10 |    14 |     9 ||    48
       Lightning rod     |       |       |       |       |    10 |    10 ||    20
       Phantom mirror    |       |       |       |       |     1 |     4 ||     5
       Phial of floods   |       |       |       |       |     1 |     2 ||     3
       Piece from Xom's  |       |       |       |       |     1 |       ||     1
       Box of beasts     |       |       |       |       |       |     3 ||     3
  Use: Scroll            |       |     7 |    12 |     7 |    13 |    10 ||    49
       Potion            |       |     2 |     3 |     7 |     7 |    10 ||    29
 Stab: Distracted        |       |       |     1 |       |     2 |     1 ||     4
       Paralysed         |       |       |       |     2 |       |       ||     2
       Held in net/web   |       |       |       |       |       |     1 ||     1
Armor: Robe              |     7 |     7 |   117 |   103 |   156 |   183 ||   573
       Skin              |       |    39 |       |       |       |     5 ||    44
Dodge: Dodged            |    38 |    30 |   174 |   177 |   396 |   363 ||  1178
       Repelled          |       |       |       |     1 |     6 |     9 ||    16
Block: Other             |     2 |    10 |    29 |    69 |   138 |     1 ||   249
       Buckler           |       |       |       |       |    67 |   459 ||   526
       Rpst.: Long sword |       |       |       |       |    31 |    61 ||    92

Table legend: (Time is in decaauts)
 A = Elapsed time spent in this place.
 B = Non-inter-level travel time spent in this place.
 C = Inter-level travel time spent in this place.
 D = Time resting spent in this place.
 E = Time spent auto-exploring this place.
 F = Levels seen in this place.
 G = Mean time per level.
                   A        B        C        D        E       F      G
               +--------+--------+--------+--------+--------+-----+--------+
         Total |  49566 |  47789 |   1777 |  20974 |  19386 |  31 | 1598.9 |
       Dungeon |  18470 |  17835 |    635 |   6615 |   8907 |  12 | 1539.2 |
          Lair |  14298 |  13661 |    637 |   6200 |   5624 |   6 | 2383.0 |
   Spider Nest |   7057 |   6789 |    268 |   3582 |   1836 |   4 | 1764.2 |
  Orcish Mines |   2228 |   2151 |     77 |    561 |   1056 |   2 | 1114.0 |
   Elven Halls |   6509 |   6350 |    159 |   3554 |   1749 |   3 | 2169.7 |
         Abyss |    170 |    170 |      0 |      0 |     32 |   2 |   85.0 |
      Ice Cave |    202 |    202 |      0 |    158 |      0 |   1 |  202.0 |
      Gauntlet |    629 |    629 |      0 |    303 |    180 |   1 |  629.0 |
               +--------+--------+--------+--------+--------+-----+--------+

Top non-repeatable levels by time:
  Lair:3: 3538 daAuts
     D:9: 3431 daAuts
  Lair:6: 3394 daAuts
   Elf:2: 3296 daAuts
  Lair:2: 3241 daAuts
   Elf:1: 3137 daAuts
Spider:1: 1973 daAuts
    D:10: 1948 daAuts
Spider:3: 1874 daAuts
  Lair:4: 1740 daAuts
Spider:4: 1667 daAuts
     D:6: 1571 daAuts
     D:4: 1548 daAuts
   Orc:2: 1545 daAuts
Spider:2: 1542 daAuts
